 Dungeon Crawl Stone Soup version 0.24-a0-282-g1a68c91 (webtiles) character file.

Game seed: 15468219241939475665

18 Gorice the Magician (level 2, 0/20 HPs)
             Began as a Gnoll Wanderer on May 3, 2019.
             Slain by a centaur (1 damage)
             ... on level 2 of the Dungeon.
             The game lasted 00:02:45 (571 turns).

Gorice the Magician (Gnoll Wanderer)                 Turns: 571, Time: 00:02:45

Health: 0/20       AC: 13    Str: 13    XL:     2   Next: 70%
Magic:  10/10      EV:  6    Int: 14    God:
Gold:   81         SH:  7    Dex: 12    Spells: 14/15 levels left

rFire    . . .     SeeInvis .   a - +0 mace (protect)
rCold    . . .     Gourm    .   i - +0 shield
rNeg     . . .     Faith    .   k - +0 scale mail
rPois    .         Spirit   .   (no helmet)
rElec    .         Reflect  .   (no cloak)
rCorr    .         Harm     .   (no gloves)
MR       .....                  (no boots)
Stlth    ..........             (no amulet)
HPRegen  0.06/turn              j - -3 ring of strength (curse)
MPRegen  0.12/turn              (no ring)

@: protection aura
A: distributed training, fangs 1, strong nose
a: no special abilities


You were on level 2 of the Dungeon.
You were not hungry.

You visited 1 branch of the dungeon, and saw 2 of its levels.

You collected 81 gold pieces.

Inventory:

Hand Weapons
 a - a +0 mace of protection (weapon)
   (You found it on level 1 of the Dungeon)
 b - a +0 blowgun
 p - a +0 club
Missiles
 c - 22 poisoned needles
 d - 22 bolts
 g - 37 sling bullets
 h - 3 javelins (quivered)
 Y - 11 stones
Armour
 e - a +0 robe
 i - a +0 shield (worn)
 k - a +0 scale mail (worn)
Jewellery
 j - a cursed -3 ring of strength (left hand)
Potions
 l - a potion of resistance {unknown}
 q - a potion of flight {unknown}
 r - a potion of brilliance {unknown}
Comestibles
 f - 3 rations


   Skills:
 + Level 0.5 Fighting
 + Level 0.5 Short Blades
 + Level 0.5 Long Blades
 + Level 0.5 Axes
 + Level 0.5 Maces & Flails
 + Level 0.5 Polearms
 + Level 0.5 Staves
 + Level 0.5 Slings
 + Level 0.5 Bows
 + Level 0.5 Crossbows
 + Level 2.5 Throwing
 + Level 0.5 Armour
 + Level 0.5 Dodging
 + Level 0.5 Stealth
 + Level 0.5 Shields
 + Level 0.5 Unarmed Combat
 + Level 7.1 Spellcasting
 + Level 3.7 Conjurations
 + Level 0.3 Hexes
 + Level 0.3 Charms
 + Level 0.3 Summonings
 + Level 2.0 Necromancy
 + Level 0.3 Translocations
 + Level 0.3 Transmutations
 + Level 0.3 Fire Magic
 + Level 0.3 Ice Magic
 + Level 0.3 Air Magic
 + Level 3.7 Earth Magic
 + Level 0.3 Poison Magic
 + Level 0.6 Invocations
 + Level 2.5 Evocations


You had 14 spell levels left.
You knew the following spells:

 Your Spells              Type           Power        Failure   Level  Hunger
a - Sandblast             Erth           ###...       69%         1    None

Your spell library contained the following spells:

 Spells                   Type           Power        Failure   Level  Hunger
 Corpse Rot               Necr           N/A          96%         2    #......
 Sublimation of Blood     Necr           ##........   96%         2    #......
 Stone Arrow              Conj/Erth      ###...       96%         3    ##.....
 Passwall                 Tmut/Erth      ##......     97%         2    #......
 Petrify                  Tmut/Erth      ##......     100%        4    ####...
 Lee's Rapid Deconstruct  Erth           ###.......   100%        5    ######.


Dungeon Overview and Level Annotations

Branches:
Dungeon (2/15)

Altars:


Innate Abilities, Weirdness & Mutations

Your experience applies equally to all skills.
You have very sharp teeth.
Your uncanny sense of smell can sniff out nearby items.


Message History

The arrow hits you.
You see here an arrow.
Damage: 4 (max 4)
The centaur shoots an arrow.
The arrow barely misses you.
The centaur shoots an arrow.
The arrow hits you.
The centaur shoots an arrow.
You block the arrow.
You see here 2 arrows.
Damage: 5 (max 5)
A howler monkey comes into view.
The howler monkey hoots and howls with incredible vigour!
The centaur shoots an arrow.
The arrow closely misses you.
You hear a shout! x2; You hear an angry hiss.
Found a robe.
Found a stone staircase leading up.
You see here an arrow.
The centaur shoots an arrow.
You block the arrow.
You see here an arrow.
The centaur unwields a +0 shortbow.
The centaur hits you.
* * * LOW HITPOINT WARNING * * *
The howler monkey hoots and howls with incredible vigour!
The centaur hits you but does no damage.
A rat comes into view.
You hear a shout!
Damage: 5 (max 5)
You hit the centaur.
Your weapon exudes an aura of protection.
The centaur is lightly wounded.
You block the centaur's attack. x2
Unknown command.
You barely miss the centaur.
The centaur is lightly wounded.
The centaur barely misses you.
The howler monkey hits you but does no damage.
The centaur hits you.
* * * LOW HITPOINT WARNING * * *
Unknown command.
You hit the centaur.
Your weapon exudes an aura of protection.
You bite the centaur, but do no damage.
The centaur is lightly wounded.
The centaur hits you but does no damage.
The howler monkey hits you but does no damage.
The centaur barely misses you.
The howler monkey hits you but does no damage.
You barely miss the centaur.
The centaur is lightly wounded.
The centaur hits you.
* * * LOW HITPOINT WARNING * * *
The howler monkey hoots and howls with incredible vigour!
The centaur hits you.
You die...

#.<... #..... #.....
#..... #
.#.....#########+# #
....#............#######
......c................>
......h@(((.............
.#[#.#....##(#########..
#.r..+.........##..
.......#.............
........#............#
.........#...###....#.#
.........#.....#.#..#.#
..##.##+##.....#.#..#.#
#.....#.#..#.#


You could see a centaur, a howler monkey and a rat.

Vanquished Creatures
  A dart slug (D:1)
  A giant cockroach (D:1)
  4 goblins (D:1)
  2 hobgoblins (D:1)
  2 kobolds (D:1)
  2 frilled lizards (D:1)
  3 rats (D:1)
15 creatures vanquished.

Notes
Turn   | Place    | Note
-------+----------+-------------------------------------------
     0 | D:1      | Gorice the Gnoll Wanderer began the quest for the Orb.
     0 | D:1      | Gorice set off with the following items: a +0 blowgun, 10
                  | poisoned needles, a +0 robe, a ration; and the following
                  | spell memorised: Sandblast; and the following spells
                  | available to memorise: Corpse Rot, Passwall, Sublimation of
                  | Blood, Stone Arrow, Petrify, Lee's Rapid Deconstruction
     0 | D:1      | Reached XP level 1. HP: 13/13 MP: 8/8
    18 | D:1      | Reached skill level 2 in Necromancy
    83 | D:1      | Reached XP level 2. HP: 19/19 MP: 10/10
   562 | D:2      | Noticed a centaur
   565 | D:2      | Noticed a howler monkey
   567 | D:2      | HP: 6/20 [centaur (6)]
   571 | D:2      | HP: 1/20 [centaur (2)]
   571 | D:2      | Slain by a centaur

Levels and vault maps discovered:
D:1:      matt_arrival_grand_opening, layout_basic
D:2:      layout_basic, lemuel_zombie_altar_kikubaaqudgha, minivault_26,
          trog_three_pillars_becter, uniq_natasha

Skill      XL: |  1 |
---------------+----+-----
Necromancy     | 2 |  2.0
Fighting       | |  0.5
Short Blades   | |  0.5
Long Blades    | |  0.5
Axes           | |  0.5
Maces & Flails | |  0.5
Polearms       | |  0.5
Staves         | |  0.5
Slings         | |  0.5
Bows           | |  0.5
Crossbows      | |  0.5
Throwing       | |  2.5
Armour         | |  0.5
Dodging        | |  0.5
Stealth        | |  0.5
Shields        | |  0.5
Unarmed Combat | |  0.5
Spellcasting   | |  7.1
Conjurations   | |  3.7
Hexes          | |  0.3
Charms         | |  0.3
Summonings     | |  0.3
Translocations | |  0.3
Transmutations | |  0.3
Fire Magic     | |  0.3
Ice Magic      | |  0.3
Air Magic      | |  0.3
Earth Magic    | |  3.7
Poison Magic   | |  0.3
Invocations    | |  0.6
Evocations     | |  2.5

Action                   || total
-------------------------++-------
Melee: Club              ||    19
       Mace              ||    12
       Bite              ||     5
 Fire: Blowgun           ||    13
  Use: Scroll            ||     3
Armor: Scale mail        ||    15
       Robe              ||     2
Dodge: Dodged            ||    15
Block: Shield            ||    12

Table legend:
 A = Non-vault XP
 B = Vault XP
 C = Vault XP percentage of total XP
 D = Non-vault monster count
 E = Vault monster count
 F = Vault count percentage of total count
                 A         B        C        D         E       F
            +---------+---------+-------+---------+---------+-------
      Total |      27 |       0 |   0.0 |      15 |       0 |   0.0
            +---------+---------+-------+---------+---------+-------
        D:1 |      27 |       0 |   0.0 |      15 |       0 |   0.0
            +---------+---------+-------+---------+---------+-------

Table legend:
 A = Turns spent in this place as a percentage of turns spent in the entire game.
 B = Non-inter-level travel turns spent in this place as a percentage of non-inter-level travel turns spent in the entire game.
 C = Inter-level travel turns spent in this place as a percentage of turns spent in this place.
 D = Turns resting spent in this place as a percentage of non-inter-level travel turns spent in this place.
 E = Turns spent auto-exploring this place as a percentage of non-inter-level travel turns spent in this place.
 F = Non-inter-level travel turns spent in this place divided by the number of levels of this place that you've seen.
                   A       B       C       D       E      F
               +-------+-------+-------+-------+-------+----------------------
         Total | 100.0 | 100.0 |   5.3 |   0.6 |  48.6 | 270.5
       Dungeon | 100.0 | 100.0 |   5.3 |   0.6 |  48.6 | 270.5
               +-------+-------+-------+-------+-------+----------------------

Levels and vault maps discovered:
D:1:      matt_arrival_grand_opening, layout_basic
D:2:      layout_basic, lemuel_zombie_altar_kikubaaqudgha, minivault_26,
          trog_three_pillars_becter, uniq_natasha
